 Dungeon Crawl Stone Soup version 0.30-a0-140-gd1020e658a (webtiles) character file.

Game seed: 9904726819251181152

6252 KennySheep the Geomancer (level 10, -1/91 HPs)
             Began as a Naga Earth Elementalist on Sept 25, 2022.
             Was a Believer of Ignis.
             Slain by a killer bee (3 damage)
             ... on level 9 of the Dungeon.
             The game lasted 00:30:11 (10563 turns).

KennySheep the Geomancer (Naga Earth Elementalist) Turns: 10563, Time: 00:30:12

Health: -1/91      AC: 14    Str: 10    XL:     10   Next: 93%
Magic:  18/18      EV:  9    Int: 20    God:    Ignis [**....]
Gold:   552        SH:  0    Dex: 12    Spells: 14/20 levels left

rFire   + + .      SeeInvis +    B - +9 lance "Wyrmbane" {slay drac, rPois rF+ rC+ AC+3}
rCold   + . .      Faith    .    (no shield)
rNeg    . . .      Spirit   .    C - +0 swamp dragon scales
rPois   +          Reflect  .    s - +0 helmet
rElec   .          Harm     .    p - +1 cloak {Will+}
rCorr   .          Rampage  .    t - +0 pair of gloves
Will    ++...                    (no barding)
Stlth   +++.......               (no amulet)
HPRegen 0.25/turn                u - ring of flight
MPRegen 0.16/turn                (no ring)

@: lethally poisoned (-1 -> -13), flying, slowed, very slow
A: AC +3, large, see invisible, deformed body, poison resistance, slowness 2,
spit poison 1, naga tail 1
a: Spit Poison, Renounce Religion, Fiery Armour, Foxfire Swarm, Rising Flame


You were on level 9 of the Dungeon.
You worshipped Ignis.
Ignis was pleased with you.
You visited 1 branch of the dungeon, and saw 9 of its levels.

You collected 552 gold pieces.

Inventory:

Hand Weapons
 B - the +9 lance "Wyrmbane" (weapon) {slay drac, rPois rF+ rC+ AC+3}
   (You took it off Maggie on level 6 of the Dungeon)

   It inflicts extra damage against dragons and draconians.
   AC:        It affects your AC (+3).
   rF:        It protects you from fire.
   rC:        It protects you from cold.
   rPois:     It protects you from poison.
Armour
 p - a +1 cloak of willpower (worn)
 s - a +0 helmet (worn)
 t - a +0 pair of gloves (worn)
 C - +0 swamp dragon scales (worn)
Magical Staves
 x - a staff of poison
Jewellery
 u - a ring of flight (left hand)
Wands
 o - a wand of polymorph (5)
 z - a wand of acid (4)
 A - a wand of flame (7)
Scrolls
 c - 2 scrolls of amnesia
 e - 2 scrolls of enchant armour
 g - 3 scrolls of fog
 h - 2 scrolls of magic mapping
 k - a scroll of poison
 m - 4 scrolls of noise
 w - 8 scrolls of identify
 y - 2 scrolls of immolation
 D - a scroll of brand weapon {unknown}
Potions
 a - 2 potions of invisibility {unknown}
 b - 2 potions of magic
 d - 4 potions of degeneration {unknown}
 f - 8 potions of curing
 i - a potion of flight {unknown}
 l - a potion of resistance
 n - 2 potions of attraction {unknown}
 q - a potion of cancellation {unknown}
 r - 2 potions of heal wounds {unknown}
 v - a potion of berserk rage {unknown}
 E - a potion of brilliance {unknown}


   Skills:
 + Level 5.8 Fighting
 * Level 5.4 Polearms
 - Level 2.0 Armour
 - Level 3.8 Dodging
 - Level 7.2 Stealth
 - Level 5.6 Spellcasting
 - Level 7.1 Conjurations
 - Level 1.0 Transmutations
 - Level 8.6 Earth Magic


You had 14 spell levels left.
You knew the following spells:

 Your Spells              Type           Power      Damage    Failure   Level
a - Sandblast             Erth           80%        2d17      1%          1
b - Passwall              Tmut/Erth      20%        N/A       6%          2
c - Stone Arrow           Conj/Erth      74%        3d11      3%          3

Your spell library contained the following spells:

 Spells                   Type           Power      Damage    Failure   Level
 Petrify                  Tmut/Erth      24%        N/A       36%         4
 Sublimation of Blood     Necr           5%         N/A       38%         2
 Irradiate                Conj/Tmut      10%        3d15      82%         5
 Fireball                 Conj/Fire      9%         3d6       87%         5
 Starburst                Conj/Fire      9%         6d5       100%        6
 Ignition                 Fire           2%         3d3       100%        8


Dungeon Overview and Level Annotations

Branches:
Dungeon (9/15)             Temple (0/1) D:5            Lair (0/5) D:8
    Orc: D:9-12

Altars:
Fedhas
Gozag
Hepliaklqana
Okawaru
Trog
Uskayaw
Vehumet
Ignis

Shops:
D:1 :

Annotations:
D:3 1 runed translucent door, 2 transporters, Crazy Yiuf; purpskrrrp's ghost, weakling OpFi
D:6 3 runed translucent doors, Dowan; Duvessa; ragingrage's ghost, novice GnWn


Innate Abilities, Weirdness & Mutations

Your serpentine skin is tough. (AC +3)
You have supernaturally acute eyesight. (SInv)
Armour fits poorly on your strangely shaped body.
Your system is resistant to poisons. (rPois)
You cover ground very slowly.
You can spit poison.
You have a snake-like lower body.


Message History

You feel sick. The killer bee closely misses you.
The killer bee barely misses you.
The killer bee stings you but does no damage.
The killer bee stings you. x2
The killer bee stings you but does no damage.
The killer bee barely misses you. The killer bee stings you.
You are more poisoned.
The killer bee poisons you! The killer bee barely misses you.
As you read the scroll of fear, it crumbles to dust.
You assume a fearsome visage.
The killer bee looks frightened! x5
You feel very sick.
The killer bee stings you but does no damage.
You feel very sick.
The killer bee stings you but does no damage. x2
The killer bee misses you.
Cornered, the killer bee turns to fight!
The killer bee stings you.
* * * LOW HITPOINT WARNING * * *
Things that are here:
a +0 war axe; a +0 robe A wight comes into view.
It is wielding a +1 battleaxe of freezing.
You feel very sick.
The killer bee stings you but does no damage. x2
The killer bee barely misses you. The killer bee stings you.
* * * LOW HITPOINT WARNING * * *
You are more poisoned.
The killer bee poisons you!
The wight moves out of view.
The killer bee attacks as you move away!
The killer bee stings you.
* * * LOW HITPOINT WARNING * * *
You are more poisoned.
The killer bee poisons you!
* * * LOW HITPOINT WARNING * * *
You feel extremely sick.
The killer bee stings you but does no damage.
The killer bee barely misses you.
The killer bee stings you but does no damage. x2
The killer bee closely misses you. The killer bee barely misses you.
The killer bee stings you.
You die...

##.. ...y..# # ...
......# # . #.##.....#
..##.#..#.....#
.....##.......#
##...#z#))...#
#.....)#)....#
#.....)y###..#
###...##..y@....#
#####...# ######...#
##.....#.##########..##
......................#
..............#####...#
....(.........# #...#
...........)..#####...#
..............))......#
..)...<.......#######...


You could see 2 killer bees and a wight (wandering).

Vanquished Creatures
  Pikel (D:5)
  Maggie (D:6)
  A hornet (D:7)
  11 yaks (D:8)
  A wraith (D:9)
  A wyvern (D:8)
  Eustachio (D:5)
  A steam dragon (D:8)
  Edmund (D:5)
  4 water moccasins
  A black bear (D:7)
  2 orc warriors
  2 ice beasts (D:7)
  3 phantoms
  Blork the orc (D:5)
  8 bullfrogs
  5 scorpions
  4 wights (D:8)
  3 hounds
  3 jellies
  6 orc priests
  Jessica (D:2)
  An iguana (D:5)
  Natasha (thrice) (D:4)
  10 orc wizards
  Robin (D:3)
  4 gnolls (D:3)
  9 adders
  A shadow imp (D:5)
  2 ufetubi
  A dart slug (D:3)
  45 orcs
  7 ball pythons
  6 endoplasms
  4 giant cockroaches
  8 goblins
  7 hobgoblins
  3 kobolds
  4 quokkas
  A bat (D:1)
  2 frilled lizards (D:3)
  4 rats
185 creatures vanquished.

Vanquished Creatures (others)
  41 foxfires (D:5)
  56 fungi (D:8)
  50 plants (D:8)
147 creatures vanquished.

Grand Total: 332 creatures vanquished

Notes
Turn   | Place    | Note
-------+----------+-------------------------------------------
     0 | D:1      | KennySheep the Naga Earth Elementalist began the quest for
                  | the Orb.
     0 | D:1      | Reached XP level 1. HP: 15/15 MP: 3/3
   221 | D:1      | Reached XP level 2. HP: 24/24 MP: 1/5
   225 | D:1      | Learned a level 2 spell: Passwall
   622 | D:1      | Found Jusieto's Book Boutique.
  1114 | D:1      | Reached XP level 3. HP: 30/30 MP: 4/6
  1118 | D:1      | Learned a level 3 spell: Stone Arrow
  1427 | D:2      | Reached skill level 1 in Conjurations
  1484 | D:2      | Found a faded altar of an unknown god.
  1509 | D:2      | Prayed at the altar of an unknown god.
  1509 | D:2      | Became a worshipper of Ignis, the Dying Flame
  1518 | D:2      | Reached skill level 1 in Fighting
  1581 | D:2      | Reached XP level 4. HP: 38/38 MP: 5/7
  1759 | D:2      | Noticed Jessica
  1762 | D:2      | Killed Jessica
  2038 | D:3      | Noticed an ogre
  2038 | D:3      | Noticed purpskrrrp's ghost (weakling OpFi)
  2106 | D:3      | Reached XP level 5. HP: 44/44 MP: 8/8
  2262 | D:3      | Noticed Robin
  2273 | D:3      | Killed Robin
  2529 | D:3      | Found a runed translucent door.
  2617 | D:3      | Identified the +0 pair of boots of Jaunes {rPois rC+ MP+9}
  2643 | D:3      | Reached skill level 4 in Earth Magic
  2656 | D:3      | Found a transporter.
  2657 | D:3      | Found a transporter.
  3169 | D:3      | Noticed Crazy Yiuf
  3217 | D:4      | Reached XP level 6. HP: 49/52 MP: 4/10
  3575 | D:4      | Noticed Natasha
  3582 | D:4      | Killed Natasha
  3704 | D:4      | Found a hazy altar of Hepliaklqana.
  3852 | D:4      | Noticed Natasha
  3859 | D:4      | Killed Natasha
  3906 | D:4      | Identified the +1 quarterstaff "Siaw" {freeze, rPois Will+
                  | Int-4 Dex+3}
  4196 | D:4      | Noticed Natasha
  4197 | D:4      | Killed Natasha
  4198 | D:4      | Reached XP level 7. HP: 61/61 MP: 9/11
  4385 | D:5      | Entered Level 5 of the Dungeon
  4389 | D:5      | Found an opulent altar of Gozag.
  4455 | D:5      | Reached skill level 5 in Earth Magic
  4836 | D:5      | Found a staircase to the Ecumenical Temple.
  4846 | D:5      | Noticed Blork the orc
  4851 | D:5      | Noticed Pikel
  4856 | D:5      | Killed Blork the orc
  4863 | D:5      | Killed Pikel
  4864 | D:5      | Reached skill level 5 in Conjurations
  4864 | D:5      | Reached skill level 6 in Earth Magic
  4864 | D:5      | Reached XP level 8. HP: 38/70 MP: 8/14
  5166 | D:5      | Noticed Eustachio
  5178 | D:5      | Killed Eustachio
  5257 | D:5      | Noticed Edmund
  5271 | D:5      | Killed Edmund
  5423 | D:5      | Reached skill level 7 in Earth Magic
  5683 | D:5      | Found a blossoming altar of Fedhas.
  5978 | D:6      | Noticed ragingrage's ghost (novice GnWn)
  5978 | D:6      | Found a runed translucent gate.
  5978 | D:6      | Found a runed translucent gate.
  5978 | D:6      | Found a runed translucent gate.
  5982 | D:6      | Noticed Duvessa
  5982 | D:6      | Noticed Dowan
  6276 | D:6      | Noticed Maggie
  6289 | D:6      | Killed Maggie
  6290 | D:6      | Reached XP level 9. HP: 31/78 MP: 0/15
  6996 | D:7      | Reached skill level 1 in Polearms
  7052 | D:7      | Found a bloodstained altar of Trog.
  7052 | D:7      | Found a hide-covered altar of Uskayaw.
  7052 | D:7      | Found an iron altar of Okawaru.
  7053 | D:7      | Found a radiant altar of Vehumet.
  7197 | D:7      | Noticed a hornet
  7212 | D:7      | Killed a hornet
  7213 | D:7      | Reached skill level 5 in Stealth
  8428 | D:8      | Found a staircase to the Lair.
  8440 | D:8      | Reached skill level 5 in Spellcasting
  8440 | D:8      | Reached skill level 8 in Earth Magic
  8440 | D:8      | Reached XP level 10. HP: 76/87 MP: 17/17
  8451 | D:8      | Reached skill level 5 in Fighting
  8817 | D:8      | Reached skill level 1 in Armour
  9853 | D:8      | Reached skill level 5 in Polearms
 10563 | D:9      | HP: 2/91 [poisoned by a killer bee]
 10563 | D:9      | Slain by a killer bee

Illustrated notes

Levels and vault maps discovered:
D:1:      dpeg_arrival_simpleton_c, layout_basic, serial_shops,
          nicolae_shop_statue_plus
D:2:      layout_basic, chequers_ecumenical_altar_island, uniq_jessica
D:3:      layout_loops_ring, gammafunk_ghost_arena, uniq_crazy_yiuf_cottage,
          uniq_robin
D:4:      layout_loops_cross, worldfamousw_hep_ancestral_shrine, uniq_natasha
D:5:      layout_loops_ring, mainiacjoe_overflow_six_doors_small,
          fedhas_altar_1, minmay_temple_entry_hall, uniq_blork_the_orc,
          uniq_pikel, uniq_edmund, uniq_eustachio
D:6:      layout_loops_ring, ebering_ghost_rock_garden, uniq_maggie,
          uniq_duvessa
D:7:      layout_loops_ring, chequers_temple_overflow_statue_of_worship
D:8:      nicolae_cairo_tiling, layout_rooms, due_lair_maze_entry_diamond
D:9:      cheibrodos_elevator_heist, layout_rooms, nicolae_ru_awakened_eye,
          nemelex_altar_shiori, hangedman_feature_mirror

Skill      XL: |  1  2  3  4  5  6  7  8  9 10 |
---------------+-------------------------------+-----
Conjurations   | 1 2 3 5 6 7 |  7.1
Fighting       | 1 2 3 4 5 |  5.8
Dodging        | 2 3 |  3.8
Earth Magic    | 4 6 7 8 |  8.6
Spellcasting   | 3 4 5 |  5.6
Stealth        | 4 5 7 |  7.2
Polearms       | 3 5 |  5.4
Armour         | 2 |  2.0
Transmutations | |  1.0

Action                   |  1- 3 |  4- 6 |  7- 9 | 10-12 || total
-------------------------+-------+-------+-------+-------++-------
Melee: Dagger            |     2 |       |       |       ||     2
       Rapier            |       |    48 |    51 |       ||    99
       Lance             |       |       |   133 |   136 ||   269
       Punch             |       |       |     4 |     3 ||     7
 Cast: Sandblast         |    43 |    42 |    50 |       ||   135
       Stone Arrow       |       |     2 |    18 |    35 ||    55
Invok: Fiery Armour      |       |     1 |     1 |       ||     2
       Foxfire Swarm     |       |       |     3 |       ||     3
  Use: Scroll            |       |     8 |     1 |     2 ||    11
       Potion            |       |     2 |     1 |       ||     3
 Stab: Sleeping          |       |     5 |     3 |       ||     8
       Distracted        |       |       |       |     2 ||     2
Armor: Robe              |     4 |    33 |    46 |       ||    83
       Swamp dragon scal |       |       |    68 |    72 ||   140
Dodge: Dodged            |    14 |    33 |    84 |    71 ||   202

Table legend: (Time is in decaauts)
 A = Elapsed time spent in this place.
 B = Non-inter-level travel time spent in this place.
 C = Inter-level travel time spent in this place.
 D = Time resting spent in this place.
 E = Time spent auto-exploring this place.
 F = Levels seen in this place.
 G = Mean time per level.
                   A        B        C        D        E       F      G
               +--------+--------+--------+--------+--------+-----+--------+
         Total |  12693 |  12188 |    505 |   3732 |   6694 |   9 | 1410.3 |
       Dungeon |  12693 |  12188 |    505 |   3732 |   6694 |   9 | 1410.3 |
               +--------+--------+--------+--------+--------+-----+--------+

Top non-repeatable levels by time:
     D:8: 2076 daAuts
     D:5: 2015 daAuts
     D:7: 1927 daAuts
     D:3: 1713 daAuts
     D:1: 1510 daAuts
     D:4: 1195 daAuts
     D:2: 1085 daAuts
     D:6: 924 daAuts
     D:9: 244 daAuts
